 Dungeon Crawl Stone Soup version 0.29.1-1-gd02db6906a (webtiles) character file.

Game seed: 8662731359897038612

44 IxDamienxI the Covered (level 3, 0/29 HPs)
             Began as a Human Fighter on Oct 15, 2022.
             Slain by an adder (1 damage)
             ... on level 2 of the Dungeon.
             The game lasted 00:06:24 (1952 turns).

IxDamienxI the Covered (Human Fighter)              Turns: 1952, Time: 00:06:26

Health: 0/29       AC:  8    Str: 24    XL:     3   Next: 85%
Magic:  3/3        EV:  9    Int:  8    God:
Gold:   58         SH:  4    Dex: 12    Spells: 2/2 levels left

rFire   . . .      SeeInvis .   a - +0 long sword
rCold   . . .      Faith    .   c - +0 buckler
rNeg    . . .      Spirit   .   b - +0 scale mail
rPois   .          Reflect  .   (no helmet)
rElec   .          Harm     .   (no cloak)
rCorr   .          Rampage  .   g - +0 pair of gloves
Will    .....                   (no boots)
Stlth   ..........              (no amulet)
HPRegen 0.09/turn               i - +6 ring of strength
MPRegen 0.08/turn               (no ring)

@: lethally poisoned (0 -> -1), flying
A: no striking features
a: no special abilities


You were on level 2 of the Dungeon.
You visited 1 branch of the dungeon, and saw 2 of its levels.

You collected 58 gold pieces.

Inventory:

Hand Weapons
 a - a +0 long sword (weapon)
Missiles
 h - 2 silver javelins (quivered)
 m - 2 poisoned darts
Armour
 b - a +0 scale mail (worn)
 c - a +0 buckler (worn)
 g - a +0 pair of gloves (worn)
Jewellery
 i - a +6 ring of strength (left hand)
Potions
 d - a potion of might
 f - a potion of mutation {unknown}
 k - a potion of haste {unknown}
 l - 2 potions of brilliance {unknown}


   Skills:
 - Level 3.0 Fighting
 * Level 2.7 Long Blades
 * Level 3.8 Armour
 + Level 3.2 Shields


You had 2 spell levels left.
You didn't know any spells.
Your spell library was empty.

Dungeon Overview and Level Annotations

Branches:
Dungeon (2/15)

Altars:


Message History

An adder is nearby!
The adder bites you but does no damage.
You miss the adder. The adder bites you but does no damage.
The adder bites you.
* * * LOW HITPOINT WARNING * * *
You miss the adder. The adder bites you but does no damage.
You barely miss the adder.
The adder bites you but does no damage. x2
You hit the adder.
The adder is lightly wounded.
The adder misses you. The adder barely misses you.
You barely miss the adder.
The adder is lightly wounded.
The adder barely misses you. x2
You hit the adder.
The adder is heavily wounded.
The adder bites you but does no damage.
You hit the adder but do no damage.
The adder is heavily wounded.
The adder bites you but does no damage. x2
You barely miss the adder.
The adder is heavily wounded.
The adder bites you.
* * * LOW HITPOINT WARNING * * *
You are poisoned.
The adder poisons you! The adder bites you but does no damage.
You miss the adder.
The adder is heavily wounded.
* * * LOW HITPOINT WARNING * * *
You feel sick. The adder bites you.
* * * LOW HITPOINT WARNING * * *
You block the adder's attack.
You barely miss the adder.
The adder is heavily wounded.
* * * LOW HITPOINT WARNING * * *
You feel sick. The adder barely misses you.
You hit the adder.
The adder is severely wounded.
* * * LOW HITPOINT WARNING * * *
You feel sick. You block the adder's attack. The adder bites you.
You die...

##.. ..#######.# ..
########.##...##.# ..
.........#.....#.##.
##########.............
#S..........#.....#...>
#.#####.....##...##.# #
#####.# ##S#..###.###.#
#...#.######@........††.#
#.#.#............#......#
#.#.###########..#..#####
#.#)#.#####.#....#.##
#.#.#.......#.##...#
#.#<#.#.###.#.#...##
#.###.#..(..#.#.....#
#.....#.....#.#.#.#.#
#######.###.#.###.#.#


You could see an adder.

Vanquished Creatures
  A gnoll (D:1)
  An adder (D:2)
  A worm (D:2)
  3 bats (D:1)
  An endoplasm (D:1)
  A goblin (D:1)
  3 hobgoblins
  2 kobolds
  5 ball pythons (D:1)
  A frilled lizard (D:1)
  3 rats (D:1)
22 creatures vanquished.

Notes
Turn   | Place    | Note
-------+----------+-------------------------------------------
     0 | D:1      | IxDamienxI the Human Fighter began the quest for the Orb.
     0 | D:1      | Reached XP level 1. HP: 18/18 MP: 1/1
   284 | D:1      | Reached XP level 2. HP: 23/24 MP: 2/2
   483 | D:1      | Found a faded altar of an unknown god.
   593 | D:1      | Reached XP level 3. HP: 28/29 MP: 3/3
  1952 | D:2      | HP: 1/29 [poisoned by an adder]
  1952 | D:2      | Slain by an adder

Illustrated notes

Levels and vault maps discovered:
D:1:      sevenhm_arrival_forest_fort_small_5, layout_basic,
          nicolae_ecumenical_snake_handling
D:2:      layout_basic, basic_altar, minmay_misc_feat_enclosed, minmay_bisected

Action                   || total
-------------------------++-------
Melee: Long sword        ||   100
  Use: Scroll            ||     3
       Potion            ||     1
Armor: Scale mail        ||    69
Dodge: Dodged            ||    61
Block: Buckler           ||    25
